TOP OF THE 1ST |
Detroit Renaissance batting - Pitching for Ft. Worth Cattlemen : RHP Nicholas Wells
|
Pitching: RHP Nicholas Wells
|
|
Batting: LHB Alexis Raimbault
|
0-0: Foul Ball, location: 2F 0-1: Fly out, F1 (Line Drive, 15)
|
Batting: RHB Juan Cabrera
|
0-0: SINGLE (Groundball, 56D)
|
Batting: LHB Yoichibei Sato
|
0-0: Called Strike 0-1: 2-RUN HOME RUN (Flyball, 9LD), Distance : 350 ft
|
Batting: RHB Eric D'Angle
|
0-0: Called Strike 0-1: Called Strike 0-2: Ball 1-2: Strikes out swinging
|
Batting: RHB Quincy van Enk
|
0-0: Swinging Strike 0-1: Ball 1-1: Ball 2-1: Called Strike 2-2: Strikes out swinging
|
Top of the 1st over - 2 runs, 2 hits, 0 errors, 0 left on base; Detroit 2 - Ft. Worth 0 |
BOTTOM OF THE 1ST |
Ft. Worth Cattlemen batting - Pitching for Detroit Renaissance : LHP Arnie Pittman
|
Pitching: LHP Arnie Pittman
|
|
Batting: LHB Jesús Morales
|
0-0: SINGLE (Groundball, 4MD)
|
Batting: RHB Jesús Martínez
|
0-0: Called Strike 0-1: Called Strike Jesús Morales steals 2nd base 0-2: Ball 1-2: SINGLE (Groundball, 4MD) Jesús Morales to third Runner from 3rd tries for Home, SAFE, no throw
|
Batting: RHB Bart Lewis
|
0-0: Ball Jesús Martínez is caught stealing 2nd base 1-0: Called Strike 1-1: Ball 2-1: Called Strike 2-2: SINGLE (Line Drive, 3D)
|
Batting: RHB Tim Burney
|
0-0: Ball 1-0: Ball 2-0: Called Strike 2-1: Called Strike 2-2: Fly out, F5 (Popup, 15)
|
Batting: SHB Robby Day
|
0-0: Ball 1-0: Ground out 6-3 (Groundball, 6S)
|
Bottom of the 1st over - 1 run, 3 hits, 0 errors, 1 left on base; Detroit 2 - Ft. Worth 1 |
TOP OF THE 2ND |
Detroit Renaissance batting - Pitching for Ft. Worth Cattlemen : RHP Aaron Wise
|
Pitching: RHP Aaron Wise
|
|
Batting: LHB Cisco Padilla
|
0-0: Called Strike 0-1: Ball 1-1: Ball 2-1: Foul Ball, location: 2F 2-2: Foul Ball, location: 2F 2-2: SINGLE (Groundball, 34D)
|
Batting: RHB Kenneth Noid
|
0-0: Foul Ball, location: 2F 0-1: Called Strike 0-2: Ball 1-2: Strikes out swinging
|
Batting: RHB Sixto Estrada
|
0-0: Foul Ball, location: 2F 0-1: Ball 1-1: Grounds into double play, 4-6-3 (Groundball, 4)
|
Top of the 2nd over - 0 runs, 1 hit, 0 errors, 0 left on base; Detroit 2 - Ft. Worth 1 |
BOTTOM OF THE 2ND |
Ft. Worth Cattlemen batting - Pitching for Detroit Renaissance : LHP Arnie Pittman
|
Batting: LHB Rick Mayfield
|
0-0: Foul Ball, location: 2F 0-1: Called Strike 0-2: Ball 1-2: Strikes out swinging
|
Batting: RHB Lloyd Alberink
|
0-0: Ground out 6-3 (Groundball, 6)
|
Batting: SHB Javier Vázquez
|
0-0: TRIPLE (Groundball, 3L)
|
Batting: LHB Chris Etheridge
|
0-0: Called Strike 0-1: Foul Ball, location: 2F 0-2: Ground out 4-3 (Groundball, 4)
|
Bottom of the 2nd over - 0 runs, 1 hit, 0 errors, 1 left on base; Detroit 2 - Ft. Worth 1 |
TOP OF THE 3RD |
Detroit Renaissance batting - Pitching for Ft. Worth Cattlemen : RHP Aaron Wise
|
Batting: RHB Takashi Miike
|
0-0: Called Strike 0-1: Ball 1-1: Ball 2-1: Swinging Strike 2-2: Strikes out swinging
|
Batting: LHB Alexis Raimbault
|
0-0: Called Strike 0-1: Ground out 4-3 (Groundball, 4M)
|
Batting: RHB Juan Cabrera
|
0-0: Called Strike 0-1: Ball 1-1: Called Strike 1-2: Fly out, F8 (Flyball, 8LM)
|
Top of the 3rd over - 0 runs, 0 hits, 0 errors, 0 left on base; Detroit 2 - Ft. Worth 1 |
BOTTOM OF THE 3RD |
Ft. Worth Cattlemen batting - Pitching for Detroit Renaissance : LHP Arnie Pittman
|
Batting: LHB Jesús Morales
|
0-0: Fly out, F4 (Line Drive, 4)
|
Batting: RHB Jesús Martínez
|
0-0: Called Strike 0-1: Ball 1-1: Ground out 5-3 (Groundball, 56S)
|
Batting: RHB Bart Lewis
|
0-0: Foul Ball, location: 2F 0-1: Ball 1-1: SINGLE (Flyball, 7S)
|
Batting: RHB Tim Burney
|
0-0: Called Strike 0-1: Called Strike 0-2: Foul Ball, location: 2F 0-2: Ball 1-2: Ball 2-2: SINGLE (Line Drive, 5) Bart Lewis to second
|
Batting: SHB Robby Day
|
0-0: Ball 1-0: Ball 2-0: Foul Ball, location: 2F 2-1: Ball 3-1: SINGLE (Groundball, 56D) Bart Lewis to third Tim Burney to second Runner from 3rd tries for Home, SAFE, no throw
|
Batting: LHB Rick Mayfield
|
0-0: Ball 1-0: Foul Ball, location: 2F 1-1: Fielders Choice at 2nd, 6-4 (Groundball, 6)
|
Bottom of the 3rd over - 1 run, 3 hits, 0 errors, 2 left on base; Detroit 2 - Ft. Worth 2 |
TOP OF THE 4TH |
Detroit Renaissance batting - Pitching for Ft. Worth Cattlemen : RHP Aaron Wise
|
Batting: LHB Yoichibei Sato
|
0-0: Ball 1-0: Ball 2-0: Ball 3-0: Called Strike 3-1: Base on Balls
|
Batting: RHB Eric D'Angle
|
0-0: Ball 1-0: DOUBLE (Flyball, 8LD) Yoichibei Sato to third
|
Batting: RHB Quincy van Enk
|
0-0: Ball 1-0: SINGLE (Groundball, 34D) Yoichibei Sato scores Eric D'Angle to third Runner from 3rd tries for Home, throw and OUT! Quincy van Enk to second
|
Batting: LHB Cisco Padilla
|
0-0: Ball 1-0: Foul Ball, location: 2F 1-1: Fly out, F5 (Line Drive, 56)
|
Batting: RHB Kenneth Noid
|
0-0: Called Strike 0-1: Swinging Strike 0-2: Ball 1-2: Foul Ball, location: 2F 1-2: SINGLE (Groundball, 6D) Quincy van Enk to third Runner from 3rd tries for Home, SAFE, no throw
|
Batting: RHB Sixto Estrada
|
Balk! Kenneth Noid to second 0-0: Foul Ball, location: 2F 0-1: Ball 1-1: Ground out U3 (Groundball, 34S)
|
Top of the 4th over - 2 runs, 3 hits, 0 errors, 1 left on base; Detroit 4 - Ft. Worth 2 |
BOTTOM OF THE 4TH |
Ft. Worth Cattlemen batting - Pitching for Detroit Renaissance : LHP Arnie Pittman
|
Batting: RHB Lloyd Alberink
|
0-0: Ball 1-0: Called Strike 1-1: Ball 2-1: Ball 3-1: Called Strike 3-2: Foul Ball, location: 2F 3-2: SINGLE (Line Drive, 7S)
|
Batting: SHB Javier Vázquez
|
0-0: Ball 1-0: Foul Ball, location: 2F 1-1: Ball 2-1: Ball 3-1: Called Strike 3-2: Foul Ball, location: 2F 3-2: Strikes out looking
|
Batting: LHB Chris Etheridge
|
0-0: Foul Ball, location: 2F 0-1: Called Strike 0-2: SINGLE (Line Drive, 34) Lloyd Alberink to second
|
Batting: LHB Jesús Morales
|
0-0: Ball 1-0: Fly out, F5 (Line Drive, 5L)
|
Batting: RHB Jesús Martínez
|
0-0: Ground out 4-3 (Groundball, 4)
|
Bottom of the 4th over - 0 runs, 2 hits, 0 errors, 2 left on base; Detroit 4 - Ft. Worth 2 |
TOP OF THE 5TH |
Detroit Renaissance batting - Pitching for Ft. Worth Cattlemen : RHP Aaron Wise
|
Batting: RHB Takashi Miike
|
0-0: Ball 1-0: Ground out 6-3 (Groundball, 6MS)
|
Batting: LHB Alexis Raimbault
|
0-0: Ball 1-0: Ground out 5-3 (Groundball, 5)
|
Batting: RHB Juan Cabrera
|
0-0: Ball 1-0: Foul Ball, location: 2F 1-1: Swinging Strike 1-2: Foul Ball, location: 2F 1-2: Ball 2-2: Fly out, F7 (Line Drive, 78M)
|
Top of the 5th over - 0 runs, 0 hits, 0 errors, 0 left on base; Detroit 4 - Ft. Worth 2 |
BOTTOM OF THE 5TH |
Ft. Worth Cattlemen batting - Pitching for Detroit Renaissance : LHP Arnie Pittman
|
Batting: RHB Bart Lewis
|
0-0: Called Strike 0-1: Swinging Strike 0-2: Ball 1-2: SINGLE (Line Drive, 7LS)
|
Batting: RHB Tim Burney
|
0-0: Ball 1-0: Ball 2-0: Ball 3-0: Base on Balls Bart Lewis to second
|
Batting: SHB Robby Day
|
0-0: Ball 1-0: Called Strike 1-1: Ball 2-1: Foul Ball, location: 2F 2-2: SINGLE (Groundball, 6MD) Bart Lewis to third Tim Burney to second
|
Batting: LHB Rick Mayfield
|
0-0: Ball 1-0: Foul Ball, location: 2F 1-1: Called Strike 1-2: Fielders Choice at 2nd, 6-4 (Groundball, 56) Bart Lewis scores Tim Burney to third
|
Batting: RHB Lloyd Alberink
|
0-0: Ball 1-0: Called Strike 1-1: Ground out U3 (Groundball, 34) Tim Burney scores Rick Mayfield to second
|
Batting: SHB Javier Vázquez
|
0-0: Foul Ball, location: 2F 0-1: Ground out 5-3 (Groundball, 56S)
|
Bottom of the 5th over - 2 runs, 2 hits, 0 errors, 1 left on base; Detroit 4 - Ft. Worth 4 |
TOP OF THE 6TH |
Detroit Renaissance batting - Pitching for Ft. Worth Cattlemen : RHP Aaron Wise
|
Pitching: RHP Darren Garland
|
|
Batting: LHB Yoichibei Sato
|
0-0: Ball 1-0: Ball 2-0: Ball 3-0: Base on Balls
|
Batting: RHB Eric D'Angle
|
0-0: Hit by Pitch Yoichibei Sato to second
|
Batting: RHB Quincy van Enk
|
0-0: Called Strike 0-1: Called Strike 0-2: Foul Ball, location: 2F 0-2: Ball 1-2: Strikes out looking
|
Batting: LHB Cisco Padilla
|
0-0: Called Strike 0-1: Ball 1-1: Swinging Strike 1-2: Ball 2-2: Foul Ball, location: 2F 2-2: SINGLE (Groundball, 4MD) Yoichibei Sato to third Eric D'Angle to second Runner from 3rd tries for Home, SAFE, throw made home
|
Batting: RHB Kenneth Noid
|
0-0: Called Strike 0-1: Ball Eric D'Angle steals 3rd base Cisco Padilla to second 1-1: Intentional Walk
|
Batting: RHB Sixto Estrada
|
0-0: Called Strike 0-1: Fly out, F8 (Line Drive, 8LS) Runner from 3rd tags up, SCORES, no throw
|
Batting: RHB Takashi Miike
|
0-0: Ball 1-0: SINGLE (Line Drive, 9S) Cisco Padilla to third Kenneth Noid to second Runner from 3rd tries for Home, SAFE, no throw
|
Pitching: LHP Jason Horne
|
|
Batting: LHB Alexis Raimbault
|
0-0: Ball 1-0: Foul Ball, location: 2F 1-1: Foul Ball, location: 2F 1-2: Ball 2-2: Foul Ball, location: 2F 2-2: Ball 3-2: Strikes out swinging
|
Top of the 6th over - 3 runs, 2 hits, 0 errors, 2 left on base; Detroit 7 - Ft. Worth 4 |
BOTTOM OF THE 6TH |
Ft. Worth Cattlemen batting - Pitching for Detroit Renaissance : LHP Arnie Pittman
|
Batting: LHB Chris Etheridge
|
0-0: Fly out, F7 (Flyball, 7LMF)
|
Batting: LHB Jesús Morales
|
0-0: Ground out 4-3 (Groundball, 4M)
|
Batting: RHB Jesús Martínez
|
0-0: SINGLE (Line Drive, 9LS)
|
Batting: RHB Bart Lewis
|
0-0: Called Strike Jesús Martínez steals 2nd base 0-1: Ground out 3-1 (Groundball, 34)
|
Bottom of the 6th over - 0 runs, 1 hit, 0 errors, 1 left on base; Detroit 7 - Ft. Worth 4 |
TOP OF THE 7TH |
Detroit Renaissance batting - Pitching for Ft. Worth Cattlemen : LHP Jason Horne
|
Batting: RHB Juan Cabrera
|
0-0: Called Strike 0-1: Swinging Strike 0-2: Strikes out swinging
|
Batting: LHB Yoichibei Sato
|
0-0: Ball 1-0: Swinging Strike 1-1: Ball 2-1: Foul Ball, location: 2F 2-2: Foul Ball, location: 2F 2-2: Strikes out looking
|
Batting: RHB Eric D'Angle
|
0-0: DOUBLE (Flyball, 8LXD)
|
Batting: RHB Quincy van Enk
|
0-0: Swinging Strike 0-1: Ball 1-1: Ball 2-1: Swinging Strike 2-2: Foul Ball, location: 2F 2-2: Foul Ball, location: 2F 2-2: Ball 3-2: Strikes out swinging
|
Top of the 7th over - 0 runs, 1 hit, 0 errors, 1 left on base; Detroit 7 - Ft. Worth 4 |
BOTTOM OF THE 7TH |
Ft. Worth Cattlemen batting - Pitching for Detroit Renaissance : LHP Arnie Pittman
|
Batting: RHB Tim Burney
|
0-0: SINGLE (Groundball, 4S) (infield hit)
|
Batting: SHB Robby Day
|
0-0: Called Strike 0-1: Ball 1-1: Ball 2-1: SINGLE (Line Drive, 78M) Tim Burney to second
|
Batting: LHB Rick Mayfield
|
0-0: Swinging Strike 0-1: Ball 1-1: SINGLE (Groundball, 56S) (infield hit) Tim Burney to third Robby Day to second
|
Batting: RHB Lloyd Alberink
|
0-0: Called Strike 0-1: Foul Ball, location: 2F 0-2: Strikes out looking
|
Batting: SHB Javier Vázquez
|
0-0: Ball 1-0: Called Strike 1-1: Called Strike 1-2: Foul Ball, location: 2F 1-2: Strikes out swinging
|
Batting: LHB Chris Etheridge
|
0-0: Ball 1-0: Fly out, F9 (Flyball, 9)
|
Bottom of the 7th over - 0 runs, 3 hits, 0 errors, 3 left on base; Detroit 7 - Ft. Worth 4 |
TOP OF THE 8TH |
Detroit Renaissance batting - Pitching for Ft. Worth Cattlemen : LHP Jason Horne
|
Pitching: RHP Roberto Cavazos
|
|
Batting: LHB Cisco Padilla
|
0-0: Ball 1-0: Called Strike 1-1: Ball 2-1: Ball 3-1: Foul Ball, location: 2F 3-2: Foul Ball, location: 2F 3-2: Ground out 4-3 (Groundball, 34D)
|
Batting: RHB Kenneth Noid
|
0-0: Called Strike 0-1: Ball 1-1: Ball 2-1: SOLO HOME RUN (Flyball, 7LD), Distance : 346 ft
|
Batting: RHB Sixto Estrada
|
0-0: Ball 1-0: Foul Ball, location: 2F 1-1: Ball 2-1: Called Strike 2-2: Strikes out swinging
|
Batting: RHB Takashi Miike
|
0-0: Ball 1-0: Swinging Strike 1-1: Ball 2-1: Called Strike 2-2: Strikes out swinging
|
Top of the 8th over - 1 run, 1 hit, 0 errors, 0 left on base; Detroit 8 - Ft. Worth 4 |
BOTTOM OF THE 8TH |
Ft. Worth Cattlemen batting - Pitching for Detroit Renaissance : LHP Arnie Pittman
|
Batting: LHB Jesús Morales
|
0-0: Ball 1-0: Ground out 4-3 (Groundball, 4)
|
Batting: RHB Jesús Martínez
|
0-0: Called Strike 0-1: Ball 1-1: Fly out, F4 (Popup, 4S)
|
Batting: RHB Bart Lewis
|
0-0: Ball 1-0: DOUBLE (Flyball, 8LXD)
|
Pitching: RHP Brantford Winstworth III
|
|
Batting: RHB Tim Burney
|
0-0: Swinging Strike 0-1: Called Strike 0-2: Strikes out looking
|
Bottom of the 8th over - 0 runs, 1 hit, 0 errors, 1 left on base; Detroit 8 - Ft. Worth 4 |
TOP OF THE 9TH |
Detroit Renaissance batting - Pitching for Ft. Worth Cattlemen : RHP Roberto Cavazos
|
Pitching: LHP Asher Spivey
|
|
Batting: LHB Alexis Raimbault
|
0-0: Ball 1-0: Foul Ball, location: 2F 1-1: Ball 2-1: Fly out, F8 (Flyball, 8RXD)
|
Batting: RHB Juan Cabrera
|
0-0: Ball 1-0: Ball 2-0: Called Strike 2-1: Foul Ball, location: 2F 2-2: Ball 3-2: SINGLE (Line Drive, 8LS)
|
Batting: LHB Yoichibei Sato
|
0-0: Called Strike Juan Cabrera steals 2nd base 0-1: Foul Ball, location: 2F 0-2: Ball 1-2: Ball 2-2: Ball 3-2: Ground out 4-3 (Groundball, 4M) Juan Cabrera to third
|
Batting: RHB Eric D'Angle
|
0-0: Foul Ball, location: 2F 0-1: Foul Ball, location: 2F 0-2: Ball 1-2: Ball 2-2: Strikes out swinging
|
Top of the 9th over - 0 runs, 1 hit, 0 errors, 1 left on base; Detroit 8 - Ft. Worth 4 |
BOTTOM OF THE 9TH |
Ft. Worth Cattlemen batting - Pitching for Detroit Renaissance : RHP Brantford Winstworth III
|
Batting: SHB Robby Day
|
0-0: Ball 1-0: Called Strike 1-1: Foul Ball, location: 2F 1-2: Ball 2-2: Strikes out swinging
|
Batting: LHB Rick Mayfield
|
0-0: Swinging Strike 0-1: Ball 1-1: Ball 2-1: Called Strike 2-2: Foul Ball, location: 2F 2-2: Foul Ball, location: 2F 2-2: Ball 3-2: Base on Balls
|
Batting: RHB Lloyd Alberink
|
0-0: Called Strike 0-1: SINGLE (Groundball, 5D) Rick Mayfield to second
|
Pitching: RHP Lyle Lanley
|
|
Batting: SHB Javier Vázquez
|
0-0: Foul Ball, location: 2F 0-1: Ball 1-1: Foul Ball, location: 2F 1-2: Ball 2-2: Ball Wild Pitch! Rick Mayfield to third Lloyd Alberink to second 3-2: Base on Balls
|
Batting: LHB Chris Etheridge
|
0-0: Swinging Strike 0-1: Called Strike 0-2: Foul Ball, location: 2F 0-2: Foul Ball, location: 2F 0-2: Ball 1-2: Fly out, F4 (Popup, 4)
|
Batting: LHB Jesús Morales
|
0-0: Ball 1-0: Foul Ball, location: 2F 1-1: Ground out 4-3 (Groundball, 4)
|
Bottom of the 9th over - 0 runs, 1 hit, 0 errors, 3 left on base; Detroit 8 - Ft. Worth 4 |
|